cohdb
Replays
Latest Replays
All Replays
Popular Replays
Top Player Replays
Match Explorer
How It Works
Community
CoH3 Stats
Reddit
Sign in to upload your games and track your stats! →
Sign in with Steam
Match 43121839
Unlisted
Match 43121839
Overview
Messages
Build Orders
End
Panzergrenadier Squad
Selects Battlefield Espionage Battlegroup
Selects Sector Subterfuge Beacon
Kradschützen Motorcycle Team
Panzergrenadier Squad
Panzergrenadier Squad
Panzergrenadier Squad
Construct Light Support Kompanie
Selects Plunder
Fire Support Elements
Panzerjäger Mechanized Group
Flakvierling Half-track
Pak 38 Anti-tank Gun Team
Selects 250/3 Funkpanzerwagen
MG34 Team
Panzerpioneer Squad
Selects Anti-Tank Incendiary Munitions
MG34 Team
Pak 38 Anti-tank Gun Team
2.5-tonne Medical Truck
Panzerpioneer Squad
250/3 Funkpanzerwagen
Selects Disruption Operation
Flakvierling Half-track
Pak 38 Mechanized Group
Pak 38 Anti-tank Gun Team
Selects Operation Skorpion
grun59
dndy778
Zoomander
Onoyk
bl4ckjack
CalmSassarShow
0
0
Comments
sign in to comment!
No comments posted yet!